 Dungeon Crawl Stone Soup version 0.28.0 (webtiles) character file.

Game seed: 15492554154427654103

2 SnakkuSnakku7 the Skirmisher (level 1, -1/18 HPs)
             Began as a Mummy Cinder Acolyte on Feb 11, 2022.
             Was a High Priest of Ignis.
             Slain by a giant cockroach (2 damage)
             ... on level 1 of the Dungeon.
             The game lasted 00:00:13 (39 turns).

SnakkuSnakku7 the Skirmisher (Mummy Cinder Acolyte)   Turns: 39, Time: 00:00:13

Health: -1/18      AC:  2    Str: 17    XL:     1   Next: 33%
Magic:  2/2        EV: 11    Int: 13    God:    Ignis [*****.]
Gold:   0          SH:  0    Dex:  7    Spells: 2/2 levels left

rFire   . . .      SeeInvis .   a - -1 mace (flame)
rCold   + . .      Faith    .   (no shield)
rNeg    + + +      Spirit   .   b - +0 robe
rPois   ∞          Reflect  .   (no helmet)
rElec   .          Harm     .   (no cloak)
rCorr   .          Rampage  .   (no gloves)
Will    .....                   (no boots)
Stlth   +.........              (no amulet)
HPRegen 0.06/turn               (no ring)
MPRegen 0.08/turn               (no ring)

@: no status effects
A: cold resistance 1, negative energy resistance 3, torment resistance 2, heat
vulnerability 1, no potions
a: Renounce Religion, Fiery Armour, Foxfire Swarm, Rising Flame


You were on level 1 of the Dungeon.
You worshipped Ignis.
Ignis was extremely pleased with you.
You visited 1 branch of the dungeon, and saw 1 of its levels.

Inventory:

Hand Weapons
 a - a -1 mace of flaming (weapon)
Armour
 b - a +0 robe (worn)


   Skills:
 - Level 3.0 Fighting
 - Level 2.4 Maces & Flails
 - Level 1.3 Spellcasting
 + Level 2.6 Fire Magic


You had 2 spell levels left.
You didn't know any spells.
Your spell library contained the following spells:

 Spells                   Type           Power      Damage    Failure   Level
 Scorch                   Fire           14%        2d6       14%         2


Dungeon Overview and Level Annotations

Branches:
Dungeon (1/15)

Altars:


Innate Abilities, Weirdness & Mutations

You are immune to poison.
Your flesh is cold resistant. (rC+)
You are immune to negative energy. (rN+++)
You are immune to unholy pain and torment.
You are vulnerable to heat. (rF-)
You do not drink.


Message History

The ball python closely misses you. The ball python misses you.
The kobold hits you with a +0 club.
You hit the ball python. You burn the ball python.
The ball python is severely wounded.
The ball python bites you. The ball python closely misses you.
The rat bites you.
You barely miss the ball python.
The ball python is severely wounded.
The ball python bites you. The ball python misses you.
The kobold hits you with a +0 club. The ball python misses you.
The ball python grabs you. The ball python constricts you. The rat bites you.
The kobold barely misses you.
You escape the ball python's grasp.
The kobold barely misses you.
An endoplasm comes into view.
You hit the kobold. You burn the kobold.
You kill the kobold!
You hit the ball python. You burn the ball python.
You kill the ball python!
The giant cockroach misses you.
You closely miss the giant cockroach. The giant cockroach bites you.
You closely miss the giant cockroach.
The giant cockroach bites you but does no damage.
An endoplasm comes into view.
The giant cockroach bites you but does no damage.
You hit the giant cockroach but do no damage.
The giant cockroach bites you.
* * * LOW HITPOINT WARNING * * *
You hit the giant cockroach but do no damage.
The giant cockroach barely misses you. The giant cockroach bites you.
* * * LOW HITPOINT WARNING * * *
You completely miss the giant cockroach.
The giant cockroach bites you.
* * * LOW HITPOINT WARNING * * *
The giant cockroach closely misses you.
Activating: Foxfire Swarm
Press: ? - help, Dir - look around, f - activate Flames leap up around you!
The foxfire hits the rat.
You kill the rat!
The giant cockroach bites you.
You die...

...♣♣. .♣..♣ ...♣. ♣♣..♣.♣.♣
#....♣ .....♣.. ♣
#.....♣♣......♣♣.♣
##.........♣♣..♣.♣♣
+#....♣♣J♣♣..♣...♣.♣♣♣♣♣♣
.......♣K)†♣vv.♣..♣...♣.♣♣♣
♣...♣Bvvv...♣.♣♣♣.♣..♣♣
♣..B♣♣♣@vv♣♣...♣.♣..♣..♣
♣...♣..vv♣vv..♣♣.♣..♣♣..♣♣
.J....♣..vv.v♣♣...♣♣.♣..♣.<♣
##♣♣♣ ♣♣♣♣♣♣♣♣♣♣♣♣♣♣♣♣♣♣♣♣♣♣


You could see an endoplasm, a giant cockroach (ally target) and a kobold.

Vanquished Creatures
  A ball python (D:1)
  A kobold (D:1)
  2 rats (D:1)
4 creatures vanquished.

Notes
Turn   | Place    | Note
-------+----------+-------------------------------------------
     0 | D:1      | SnakkuSnakku7 the Mummy Cinder Acolyte began the quest for
                  | the Orb.
     0 | D:1      | Reached XP level 1. HP: 18/18 MP: 2/2
    39 | D:1      | Slain by a giant cockroach

Illustrated notes

Levels and vault maps discovered:
D:1:      erik_arrival_cave_to_civilisation [erik_arrival_cave_to_hall],
          layout_basic, minmay_heptomino_w4

Action                   || total
-------------------------++-------
Melee: Mace              ||    12
Invok: Foxfire Swarm     ||     1
Armor: Robe              ||     3
Dodge: Dodged            ||    11
